 Dungeon Crawl Stone Soup version 0.30-a0-465-g8901f6c8b5 (webtiles) character file.

Game seed: 12183099355042573258

13661 Querens the Covert (level 11, -2/47 HPs)
             Began as a Spriggan Enchanter on Dec 18, 2022.
             Was an Elder of Wu Jian.
             Slain by a soul eater (13 damage)
             ... summoned by an orc high priest
             ... on level 2 of the Orcish Mines.
             The game lasted 00:36:32 (6848 turns).

Querens the Covert (Spriggan Enchanter)             Turns: 6848, Time: 00:36:32

Health: -2/47      AC:  2    Str:  4    XL:     11   Next: 78%
Magic:  15/27      EV: 17    Int: 17    God:    Wu Jian [****..]
Gold:   666        SH:  7    Dex: 20    Spells: 23/32 levels left

rFire   . . .      SeeInvis +    s - +3 dagger
rCold   . . .      Faith    .    B - +0 buckler
rNeg    . . .      Spirit   .    b - +0 robe
rPois   .          Reflect  .    (helmet restricted)
rElec   .          Harm     .    (no cloak)
rCorr   .          Rampage  .    (gloves unavailable)
Will    +....                    (boots unavailable)
Stlth   ++++++....               h - amulet of regeneration
HPRegen 1.07/turn                (no ring)
MPRegen 0.20/turn                (no ring)

@: about to teleport, very quick
A: very small, no large weapons, unfitting armour, see invisible, speed 3
a: Renounce Religion, Wall Jump, Serpent's Lash


You were on level 2 of the Orcish Mines.
You worshipped Wu Jian.
Wu Jian was greatly pleased with you.
You visited 3 branches of the dungeon, and saw 12 of its levels.

You collected 1049 gold pieces.
You spent 383 gold pieces at shops.

Inventory:

Hand Weapons
 s - a +3 dagger (weapon)
 F - a +2 rapier of protection
Armour
 b - a +0 robe (worn)
 B - a +0 buckler (worn)
 G - a +0 cloak
Jewellery
 h - an amulet of regeneration (around neck)
Wands
 a - a wand of digging (10)
 v - a wand of roots (2)
 w - a wand of paralysis (4)
 D - a wand of mindburst (13)
Scrolls
 d - 3 scrolls of teleportation
 j - 2 scrolls of fear
 m - a scroll of magic mapping
 n - 5 scrolls of immolation
 t - 4 scrolls of blinking
 u - a scroll of silence
 x - 3 scrolls of fog
 y - 3 scrolls of amnesia
Potions
 e - a potion of resistance {unknown}
 f - a potion of berserk rage
 g - 2 potions of lignification
 i - a potion of ambrosia {unknown}
 k - 3 potions of heal wounds
 l - 2 potions of attraction
 p - 4 potions of might
 q - a potion of magic
 r - 7 potions of curing
 z - a potion of flight {unknown}
 A - a potion of cancellation {unknown}
 E - a potion of brilliance {unknown}


   Skills:
 + Level 10.2 Short Blades
 - Level 2.7 Dodging
 + Level 14.7 Stealth
 - Level 4.0 Shields
 + Level 11.3 Spellcasting
 + Level 11.6 Hexes


You had 23 spell levels left.
You knew the following spells:

 Your Spells              Type           Power      Damage    Failure   Level
a - Ensorcelled Hibernat  Hex/Ice        58%        N/A       1%          2
b - Confusing Touch       Hex            49%        N/A       1%          3
c - Tukima's Dance        Hex            49%        N/A       1%          3
d - Apportation           Tloc           18%        N/A       14%         1

Your spell library contained the following spells:

 Spells                   Type           Power      Damage    Failure   Level
 Dazzling Flash           Conj/Hex       58%        N/A       4%          3
 Portal Projectile        Hex/Tloc       58%        N/A       4%          3
 Leda's Liquefaction      Hex/Erth       14%        N/A       13%         4
 Foxfire                  Conj/Fire      36%        2x1d5     14%         1
 Sandblast                Erth           18%        2d7       14%         1
 Passwall                 Tmut/Erth      7%         N/A       22%         2
 Call Canine Familiar     Summ           9%         N/A       41%         3
 Stone Arrow              Conj/Erth      18%        3d8       41%         3
 Manifold Assault         Tloc           9%         N/A       82%         4
 Alistair's Intoxication  Tmut/Pois      6%         N/A       99%         5
 Borgnjor's Vile Clutch   Necr/Erth      4%         N/A       99%         5
 Fireball                 Conj/Fire      4%         3d4       99%         5
 Dispersal                Tloc           4%         N/A       100%        6
 Eringya's Noxious Bog    Tmut/Pois      4%         N/A       100%        6
 Starburst                Conj/Fire      4%         6d4       100%        6
 Disjunction              Tloc           4%         N/A       100%        8
 Lehudib's Crystal Spear  Conj/Erth      4%         10d3      100%        8


Dungeon Overview and Level Annotations

Branches:
Dungeon (9/15)             Temple (1/1) D:4            Lair (0/5) D:9
    Orc (2/2) D:9             Elf (0/3) Orc:2

Altars:
Ashenzari
Dithmenos
Elyvilon
Gozag
Hepliaklqana
Kikubaaqudgha
Makhleb
Nemelex Xobeh
Okawaru
Qazlal
Ru
Sif Muna
Trog
Uskayaw
Vehumet
Wu Jian
Yredelemnul
The Shining One

Shops:
D:5 ?   Orc:2 *!


Innate Abilities, Weirdness & Mutations

You are very small and have problems with some larger weapons.
You are too small for most types of armour.
You have supernaturally acute eyesight. (SInv)
You cover ground extremely quickly. (Speed+++)


Message History

Unknown command.
Unknown command.
Unknown command.
Blink to where?
Press: ? - help, Dir - move target, p - orange demon You can't see that place. [the floor.]
Okay, then.
Really walk into that cloud of poison gas?
You are engulfed in poison gas.
You are lethally poisoned!
The grasping roots constrict the orc high priest!
The grasping roots constrict the orange demon.
The grasping roots constrict the soul eater.
You feel extremely sick.
The roots release their grip on the orc high priest.
The orc knight looks as sick as possible!
The orc knight roars a battlecry!
The orc high priest mumbles some strange prayers to Beogh.
Unknown command.
Unknown command.
Okay, then.
Blink to where?
Press: ? - help, Dir - move target, p - orange demon The roots lose their grip on something. x2
As you read the scroll of blinking, it crumbles to dust.
* * * LOW HITPOINT WARNING * * *
You feel extremely sick.
You feel better.
Unknown command.
You start resting.
A soul eater is nearby!
The soul eater draws from the surrounding life force!
The soul eater is healed.
As you read the scroll of teleportation, it crumbles to dust.
You feel strangely unstable.
The soul eater draws from the surrounding life force!
* * * LOW HITPOINT WARNING * * *
The soul eater draws from the surrounding life force!
You die...

## ### ### ##.###.##
##.## #...#...##
#...#
##......#.###..## ###
#...............##
##.#
#.........34....@###
##...
#...#.......##..##.##
##.#.#
##.........######...#
#....#
#..........#.###..#
#....
##....4.......#...#
###..
#...o4....))#.#.##
##...
##...............##
###....
##.........#.....#
##......
##.###########..####
#.......


You could see a soul eater (summoned) and an orange demon (summoned).

Vanquished Creatures
  Rupert (Orc:2)
  An orc warlord (Orc:2)
  A two-headed ogre (Orc:2)
  Pikel (D:5)
  An orc knight (Orc:2)
  3 orc sorcerers (Orc:2)
  Maurice (Orc:2)
  A troll (Orc:2)
  2 hornets (D:7)
  2 wraiths (D:9)
  Eustachio (D:6)
  A wyvern (D:4)
  6 yaks (D:9)
  Menkaure (D:7)
  2 wargs (Orc:2)
  A water moccasin (D:6)
  19 orc warriors
  3 sky beasts
  An ice beast (D:8)
  2 black bears
  4 ogres (Orc:2)
  A centaur (D:6)
  3 phantoms (D:5)
  Blork the orc (D:4)
  A gnoll sergeant (D:7)
  5 scorpions
  5 bullfrogs
  4 wights (D:8)
  16 killer bees
  A howler monkey (D:9)
  A jelly (D:5)
  A lava snake (D:9)
  12 orc priests
  2 hounds
  3 iguanas
  Natasha (twice) (D:4)
  12 orc wizards
  13 gnolls
  7 adders
  An ufetubus (D:4)
  A worm (D:4)
  A dart slug (D:1)
  47 orcs
  5 endoplasms
  2 giant cockroaches
  2 goblins
  10 hobgoblins
  5 quokkas
  5 ball pythons
  A bat (D:1)
  5 frilled lizards
  7 kobolds
  5 rats
242 creatures vanquished.

Vanquished Creatures (collateral kills)
  2 orc warriors
  A gnoll (Orc:2)
  2 orcs
5 creatures vanquished.

Vanquished Creatures (others)
  5 dancing weapons
  2 orcs (Orc:2)
  4 fungi (D:9)
  3 plants (D:9)
14 creatures vanquished.

Grand Total: 261 creatures vanquished

Notes
Turn   | Place    | Note
-------+----------+-------------------------------------------
     0 | D:1      | Querens the Spriggan Enchanter began the quest for the Orb.
     0 | D:1      | Reached XP level 1. HP: 9/9 MP: 5/5
   194 | D:1      | Found a faded altar of an unknown god.
   282 | D:1      | Reached XP level 2. HP: 13/13 MP: 6/6
   291 | D:1      | Learned a level 2 spell: Ensorcelled Hibernation
   606 | D:2      | Found a shimmering blue altar of Sif Muna.
   662 | D:1      | Reached skill level 5 in Stealth
   662 | D:1      | Reached XP level 3. HP: 16/16 MP: 0/8
   776 | D:2      | Got the Atlas of the Rocks
  1180 | D:2      | Reached XP level 4. HP: 16/21 MP: 3/10
  1494 | D:3      | Found a white marble altar of Elyvilon.
  1820 | D:4      | Noticed a scorpion
  1827 | D:4      | Killed a scorpion
  1828 | D:4      | Reached skill level 6 in Stealth
  1828 | D:4      | Reached XP level 5. HP: 24/24 MP: 10/12
  1992 | D:4      | Noticed Natasha
  1999 | D:4      | Reached skill level 5 in Hexes
  2003 | D:4      | Killed Natasha
  2088 | D:4      | Reached XP level 6. HP: 28/28 MP: 5/13
  2190 | D:4      | Noticed Blork the orc
  2200 | D:4      | Killed Blork the orc
  2220 | D:4      | Learned a level 3 spell: Confusing Touch
  2224 | D:4      | Learned a level 3 spell: Tukima's Dance
  2226 | D:4      | Learned a level 1 spell: Apportation
  2241 | D:4      | Noticed Natasha
  2248 | D:4      | Killed Natasha
  2316 | D:4      | Found a staircase to the Ecumenical Temple.
  2326 | Temple   | Entered the Ecumenical Temple
  2345 | Temple   | Became a worshipper of the Wu Jian Council
  2493 | D:5      | Entered Level 5 of the Dungeon
  2493 | D:5      | Noticed Pikel
  2493 | D:5      | Noticed a wyvern
  2493 | D:5      | Found Deuxt's Magic Scroll Shop.
  2497 | D:4      | Killed a wyvern
  2498 | D:4      | Reached skill level 7 in Stealth
  2498 | D:4      | Reached skill level 5 in Spellcasting
  2498 | D:4      | Reached XP level 7. HP: 32/32 MP: 12/15
  2547 | D:5      | Killed Pikel
  2548 | D:5      | Reached skill level 5 in Short Blades
  2548 | D:5      | Reached skill level 8 in Stealth
  2548 | D:5      | Reached XP level 8. HP: 36/36 MP: 6/18
  2600 | D:5      | Found a shadowy altar of Dithmenos.
  2740 | D:5      | Reached skill level 9 in Stealth
  2880 | D:5      | Bought a scroll of blinking for 75 gold pieces
  2880 | D:5      | Bought a scroll of identify for 20 gold pieces
  2880 | D:5      | Bought a scroll of amnesia for 40 gold pieces
  2880 | D:5      | Bought a scroll of immolation for 40 gold pieces
  2880 | D:5      | Bought a scroll of fog for 40 gold pieces
  2880 | D:5      | Bought a scroll of vulnerability for 40 gold pieces
  2880 | D:5      | Bought a scroll of poison for 40 gold pieces
  3235 | D:6      | Reached skill level 10 in Stealth
  3239 | D:6      | Noticed Eustachio
  3242 | D:6      | Killed Eustachio
  3243 | D:6      | Reached XP level 9. HP: 39/39 MP: 21/21
  3310 | D:6      | Reached * piety under Wu Jian
  3669 | D:7      | Reached skill level 1 in Shields
  3754 | D:7      | Reached skill level 11 in Stealth
  3775 | D:7      | Noticed Menkaure
  3785 | D:7      | Killed Menkaure
  4013 | D:7      | Found an opulent altar of Gozag.
  4201 | D:8      | Found a bloodstained altar of Trog.
  4215 | D:8      | Reached ** piety under Wu Jian
  4852 | D:8      | Reached XP level 10. HP: 42/44 MP: 11/23
  5269 | D:9      | Reached skill level 12 in Stealth
  5467 | D:9      | Reached *** piety under Wu Jian
  5773 | D:9      | Reached skill level 10 in Hexes
  5894 | D:9      | Found a staircase to the Lair.
  5971 | D:9      | Found an iron altar of Okawaru.
  5971 | D:9      | Found a burning altar of Makhleb.
  6083 | D:9      | Found a staircase to the Orcish Mines.
  6094 | Orc:1    | Entered Level 1 of the Orcish Mines
  6153 | Orc:2    | Entered Level 2 of the Orcish Mines
  6153 | Orc:2    | Noticed Maurice
  6162 | Orc:2    | Reached skill level 13 in Stealth
  6166 | Orc:2    | Killed Maurice
  6167 | Orc:2    | Reached skill level 10 in Spellcasting
  6222 | Orc:2    | Found Wabbel's Distillery.
  6282 | Orc:2    | Reached XP level 11. HP: 15/47 MP: 15/26
  6306 | Orc:2    | Reached **** piety under Wu Jian
  6316 | Orc:2    | Noticed a two-headed ogre
  6320 | Orc:2    | Found a staircase to the Elven Halls.
  6328 | Orc:2    | Killed a two-headed ogre
  6373 | Orc:2    | Bought a potion of invisibility for 88 gold pieces
  6397 | Orc:2    | Noticed an orc sorcerer
  6409 | Orc:2    | Noticed an orc warlord
  6410 | Orc:2    | Killed an orc sorcerer
  6412 | Orc:2    | Noticed an orc sorcerer
  6420 | Orc:2    | Killed an orc sorcerer
  6439 | Orc:2    | Killed an orc warlord
  6440 | Orc:2    | Reached skill level 14 in Stealth
  6557 | Orc:2    | Noticed Rupert
  6648 | Orc:2    | Killed Rupert
  6697 | Orc:2    | Reached skill level 10 in Short Blades
  6749 | Orc:2    | Found Rycupau's Assorted Antiques.
  6752 | Orc:2    | Noticed an orc sorcerer
  6753 | Orc:2    | Noticed an orc knight
  6757 | Orc:2    | Killed an orc sorcerer
  6794 | Orc:2    | Noticed an orc high priest
  6803 | Orc:2    | Killed an orc knight
  6808 | Orc:2    | Noticed an orc sorcerer
  6808 | Orc:2    | Noticed an orc high priest
  6816 | Orc:2    | Noticed an orc knight
  6820 | Orc:2    | Noticed a soul eater
  6820 | Orc:2    | Noticed an orc knight
  6848 | Orc:2    | Slain by a soul eater

Illustrated notes

Levels and vault maps discovered:
D:1:      saegor_arrival_simple_d, layout_rooms,
          shapermc_ecumenical_altar_totnotflames, wad_floor_pattern_2
D:2:      layout_loops_ring, basic_altar
D:3:      layout_basic, elyvilon_altar_4, nicolae_eternal_life,
          minmay_fractal_squares_diagonal_5
D:4:      layout_basic, minmay_temple_entry_antechambers, uniq_blork_the_orc,
          uniq_natasha
D:5:      layout_rooms, grunt_dithmenos_shadows, serial_shops,
          nicolae_stop_n_shop_2, uniq_pikel
D:6:      layout_loops_ring, uniq_eustachio
D:7:      layout_loops_ring, nicolae_gozag_seed_capital, lemuel_flame_loot_1,
          uniq_menkaure
D:8:      layout_layer_cave, trog_three_pillars_becter
D:9:      layout_stronghold, nicolae_overflow_two_pavilions,
          grunt_lair_entry_orc_guard_hut, david_orc_4, serial_co_window_serial,
          co_window_paths_b, co_window_paths_b, co_window_corner_a,
          co_window_paths_a, co_window_paths_b, co_window_corner_a,
          co_window_corner_a, co_window_broadway_a, co_window_unsneaky_path_c,
          co_window_broadway_a, co_window_of_opportunity_c,
          co_window_of_opportunity_b, glass_columns_b, glass_columns_a,
          glass_columns_a, uniq_erica
Temple:   nicolae_temple_great_sept
Orc:1:    gammafunk_beogh_shrine, layout_caves, basic_altar
Orc:2:    st_orc_elflike, layout_caves, serial_shops, nicolae_shop_stone,
          uniq_rupert, uniq_maurice

Skill      XL: |  1  2  3  4  5  6  7  8  9 10 11 |
---------------+----------------------------------+-----
Spellcasting   | 3 4 5 6 7 8 10 11 | 11.3
Hexes          | 4 5 6 8 9 10 11 | 11.6
Stealth        | 5 6 7 8 10 11 13 14 | 14.7
Short Blades   | 2 3 4 5 6 7 8 10 | 10.2
Shields        | 2 3 4 |  4.0
Dodging        | |  2.7

Action                   |  1- 3 |  4- 6 |  7- 9 | 10-12 || total
-------------------------+-------+-------+-------+-------++-------
Melee: Dagger            |   161 |    89 |   187 |   350 ||   787
       Punch             |     2 |     3 |     1 |       ||     6
 Cast: Ensorcelled Hiber |     9 |    13 |    36 |    76 ||   134
       Confusing Touch   |       |       |     8 |     8 ||    16
       Tukima's Dance    |       |       |     3 |    20 ||    23
Invok: Lunge             |       |       |    29 |    30 ||    59
       Whirlwind         |       |       |     6 |     6 ||    12
Evoke: Wand              |       |       |       |     4 ||     4
  Use: Scroll            |       |       |    15 |     4 ||    19
       Potion            |       |       |       |    10 ||    10
 Stab: Sleeping          |     6 |    15 |    38 |    42 ||   101
       Confused          |       |       |     8 |     7 ||    15
       Invisible         |       |       |       |    33 ||    33
       Distracted        |       |       |       |     2 ||     2
Armor: Robe              |    13 |    11 |     4 |     6 ||    34
Dodge: Dodged            |   121 |    39 |    61 |   174 ||   395
Block: Buckler           |       |       |    18 |    93 ||   111

Table legend: (Time is in decaauts)
 A = Elapsed time spent in this place.
 B = Non-inter-level travel time spent in this place.
 C = Inter-level travel time spent in this place.
 D = Time resting spent in this place.
 E = Time spent auto-exploring this place.
 F = Levels seen in this place.
 G = Mean time per level.
                   A        B        C        D        E       F      G
               +--------+--------+--------+--------+--------+-----+--------+
         Total |   4424 |   4167 |    257 |      8 |      0 |  12 |  368.7 |
       Dungeon |   3922 |   3667 |    255 |      0 |      0 |   9 |  435.8 |
        Temple |     24 |     24 |      0 |      0 |      0 |   1 |   24.0 |
  Orcish Mines |    477 |    475 |      2 |      8 |      0 |   2 |  238.5 |
               +--------+--------+--------+--------+--------+-----+--------+

Top non-repeatable levels by time:
     D:9: 658 daAuts
     D:8: 612 daAuts
   Orc:2: 440 daAuts
     D:1: 425 daAuts
     D:4: 424 daAuts
     D:2: 415 daAuts
     D:7: 414 daAuts
     D:6: 361 daAuts
     D:3: 360 daAuts
     D:5: 251 daAuts
   Orc:1: 37 daAuts
  Temple: 24 daAuts
